 Dungeon Crawl Stone Soup version 0.29-a0-575-g0dc89cf (webtiles) character file.

Game seed: 4570873655590867047

47 BingusPrime the Magician (level 3, -10/25 HPs)
             Began as a Djinni Necromancer on June 12, 2022.
             Mangled by Sigmund
             ... wielding a +0 scythe
              (11 damage)
             ... on level 2 of the Dungeon.
             The game lasted 00:05:41 (1812 turns).

BingusPrime the Magician (Djinni Necromancer)       Turns: 1812, Time: 00:05:42

Health: -10/25     AC:  2    Str:  7    XL:     3   Next: 97%
Gold:   116        EV: 13    Int: 18    God:
                   SH:  0    Dex: 13

rFire   + + .      SeeInvis .   (no weapon)
rCold   x . .      Faith    .   (no shield)
rNeg    . . .      Spirit   .   a - +0 robe
rPois   ∞          Reflect  .   (no helmet)
rElec   .          Harm     .   (no cloak)
rCorr   .          Rampage  .   (no gloves)
Will    .....                   (boots unavailable)
Stlth   +.........              (no amulet)
HPRegen 0.08/turn               (no ring)
MPRegen 0.00/turn               (no ring)

@: confused, flying
A: sickness immunity, fire resistance 2, cold vulnerability 1, float, innate
caster, HP casting, extra vitality 1
a: no special abilities


You were on level 2 of the Dungeon.
You visited 1 branch of the dungeon, and saw 2 of its levels.

You collected 116 gold pieces.

Inventory:

Armour
 a - a +0 robe (worn)
Scrolls
 b - a scroll of enchant armour {unknown}
 d - a scroll of teleportation {unknown}
 f - a scroll of noise {unknown}
Potions
 c - a potion of lignification {unknown}
 e - a potion of flight {unknown}


   Skills:
 + Level 3.3 Dodging
 - Level 2.0 Stealth
 + Level 3.6 Spellcasting


You couldn't memorise any spells.
You knew the following spells:

 Your Spells              Type           Power      Damage    Failure   Level
a - Necrotize             Necr           64%        1d7       3%          1
b - Vampiric Draining     Necr           16%        2d7       10%         3
c - Animate Dead          Necr           16%        N/A       32%         4
d - Agony                 Necr           16%        N/A       67%         5
e - Slow                  Hex            64%        N/A       3%          1
Your spell library was empty.

Dungeon Overview and Level Annotations

Branches:
Dungeon (2/15)

Altars:
Dithmenos

Annotations:
D:2 Sigmund


Innate Abilities, Weirdness & Mutations

You are immune to sickness and miasma.
You are immune to poison.
Your flesh is very heat resistant. (rF++)
You are vulnerable to cold. (rC-)
You float through the air rather than walking.
You learn spells naturally, not from books.
Your magical power is your life essence.
You have superior vitality. (+4 MHP)


Message History

Aiming: Necrotize (safe; 3% risk of failure)
Press: ? - help, Shift-Dir - straight line, f/p - hobgoblin
Aim: a hobgoblin (severely wounded, slow, chance to affect: 86%)
The hobgoblin writhes in agony.
You kill the hobgoblin!
The dead are walking!
Your hobgoblin skeleton crumbles into dust!
You now have 116 gold pieces (gained 27).
Sigmund the Dreaded comes into view.
He is wielding a +0 scythe.
Found a stone staircase leading up.
Sigmund points at you and mumbles some strange words.
You are confused.
You're too confused to cast spells.
Unknown command.
You're too confused to cast spells.
You bump into the rock wall.
Sigmund casts a spell at you.
You are more confused.
You bump into the rock wall.
A giant cockroach comes into view.
Sigmund mumbles some strange words.
Sigmund flickers and vanishes!
Deactivating autopickup; reactivate with Ctrl-A.
Something hits you but does no damage. Something hits you but does no damage.
Something hits you!
You're too confused to move!
You hear some strange, mumbled words.
You are more confused.
A magic dart appears from out of thin air!
The magic dart hits you.
Something tries to affect you, but you resist.
Something tries to affect you, but you resist.
You bump into the rock wall.
You hear some strange, mumbled words.
You are more confused.
Something hits you!
* * * LOW HITPOINT WARNING * * *
You're too confused to move!
Something hits you!
You die...

....... ......#
.........# ... ..... #
.. ..... # .# ####
##########.#
#.....{....#
+...@......#
#.........###########
#....<..................
#........###########....
#......... ............
#........## ########....
#........# #####....
#........# #........
..B. #.#####..


There were no monsters in sight!

Vanquished Creatures
  An adder (D:2)
  4 ball pythons
  3 bats (D:1)
  An endoplasm (D:1)
  3 hobgoblins
  4 jackals (D:1)
  5 kobolds
  A quokka (D:2)
  A frilled lizard (D:2)
  4 goblins (D:1)
  6 rats
33 creatures vanquished.

Vanquished Creatures (collateral kills)
  A bat (D:1)
  An endoplasm (D:1)
2 creatures vanquished.

Grand Total: 35 creatures vanquished

Notes
Turn   | Place    | Note
-------+----------+-------------------------------------------
     0 | D:1      | BingusPrime the Djinni Necromancer began the quest for the
                  | Orb.
     0 | D:1      | Reached XP level 1. HP: 15/15 MP: 0/0
   204 | D:1      | Reached XP level 2. HP: 14/21 MP: 0/0
   639 | D:1      | Reached XP level 3. HP: 23/25 MP: 0/0
   639 | D:1      | Learned a level 1 spell: Slow
  1425 | D:2      | Found a shadowy altar of Dithmenos.
  1791 | D:2      | Noticed Sigmund
  1811 | D:2      | HP: 1/25 [something (12)]
  1812 | D:2      | Mangled by Sigmund

Illustrated notes

Levels and vault maps discovered:
D:1:      spicycebolla_arrival_xxxplode, layout_rooms, minmay_misc_feat_iff
D:2:      layout_basic, basic_altar, uniq_sigmund

Skill      XL: |  1  2  3 |
---------------+----------+-----
Stealth        | 2 |  2.0
Dodging        | 3 |  3.3
Spellcasting   | |  3.6

Action                   || total
-------------------------++-------
 Cast: Necrotize         ||    61
       Slow              ||     8
Armor: Robe              ||     3
Dodge: Dodged            ||     7

Table legend: (Time is in decaauts)
 A = Elapsed time spent in this place.
 B = Non-inter-level travel time spent in this place.
 C = Inter-level travel time spent in this place.
 D = Time resting spent in this place.
 E = Time spent auto-exploring this place.
 F = Levels seen in this place.
 G = Mean time per level.
                   A        B        C        D        E       F      G
               +--------+--------+--------+--------+--------+-----+--------+
         Total |   1811 |   1750 |     61 |    106 |   1463 |   2 |  905.5 |
       Dungeon |   1811 |   1750 |     61 |    106 |   1463 |   2 |  905.5 |
               +--------+--------+--------+--------+--------+-----+--------+

Top non-repeatable levels by time:
     D:1: 1280 daAuts
     D:2: 531 daAuts
